 Dungeon Sprint DCSS version 0.31-a0-1074-g0b22e4e0f1 (webtiles) character file.

Game seed: 4979878314561996817

24 rocky1 the Blocker (level 7, -2/63 HPs)
             Began as a Gnoll Fighter on Nov 28, 2023.
             Was an Initiate of Gozag.
             Killed from afar by a will-o-the-wisp (8 damage)
             ... with a foxfire
             ... in the Dungeon (Sprint VI: "Thunderdome").
             The game lasted 00:03:47 (347 turns).

rocky1 the Blocker (Gnoll Fighter)                   Turns: 347, Time: 00:03:48

Health: -2/63      AC:  9    Str: 21    XL:     7   Next: 33%
Magic:  15/15      EV: 12    Int:  7    God:    Gozag
Gold:   358        SH:  6    Dex: 17    Spells: 17/17 levels left

rFire   + + .        a - +0 flail
rCold   + . .        c - +0 buckler
rNeg    . . .        b - +0 scale mail
rPois   +            t - +0 helmet of Gosi Ule {rCorr Str+3}
rElec   +            (no cloak)
rCorr   +            (no gloves)
SInv    .            (no boots)
Will    +....        q - amulet "Minip" {Faith rCorr}
Stlth   ++           s - ring "Wosew" {rElec Will+ Dex+4}
HPRegen 0.30/turn    r - ring of Xom's Attic {rF+ Dex+2}
MPRegen 0.14/turn

%: no teleportation, faith
@: mighty, resistant, gold aura, hasted, very quick
A: fangs 1, strong nose, distributed training
a: Renounce Religion, Potion Petition, Call Merchant, Bribe Branch


You were in the Dungeon.
You worshipped Gozag.
Gozag was aware of your devotion.
You visited 1 branch You collected 825 gold pieces.
You spent 467 gold pieces at shops.

Inventory:

Hand Weapons
 a - a +0 flail (weapon)
 o - a +1 glaive of protection
Missiles
 p - a boomerang
 v - a curare-tipped dart
 w - 6 poisoned darts
Armour
 b - a +0 scale mail (worn)
 c - a +0 buckler (worn)
 t - the +0 helmet of Gosi Ule (worn) {rCorr Str+3}
   (You bought it in a shop in the Dungeon)

   Str+3:     It affects your strength (+3).
   rCorr:     It protects you from acid and corrosion.
Jewellery
 q - the amulet "Minip" (around neck) {Faith rCorr}
   (You bought it in a shop in the Dungeon)

   [amulet of faith]

   Faith:     It allows you to gain divine favour quickly.
   rCorr:     It protects you from acid and corrosion.
 r - the ring of Xom's Attic (right hand) {rF+ Dex+2}
   (You bought it in a shop in the Dungeon)

   [ring of protection from fire]

   Dex+2:     It affects your dexterity (+2).
   rF+:       It protects you from fire.
 s - the ring "Wosew" (left hand) {rElec Will+ Dex+4}
   (You bought it in a shop in the Dungeon)

   [ring of willpower]

   Dex+4:     It affects your dexterity (+4).
   rElec:     It insulates you from electricity.
   Will+:     It increases your willpower.
Wands
 l - a wand of acid (1)
 m - a wand of roots (2)
 u - a wand of mindburst (7) (quivered)
Scrolls
 j - 2 scrolls of blinking
 n - 3 scrolls of fog
Potions
 e - a potion of curing
 g - 3 potions of haste
 h - 2 potions of magic
 i - a potion of berserk rage


   Skills:
 + Level 8.6 Fighting
 + Level 5.5 Short Blades
 + Level 5.5 Long Blades
 + Level 5.5 Axes
 + Level 7.2 Maces & Flails
 + Level 5.5 Polearms
 + Level 5.5 Staves
 + Level 5.5 Ranged Weapons
 + Level 5.5 Throwing
 + Level 8.6 Armour
 + Level 5.5 Dodging
 + Level 5.5 Stealth
 + Level 8.6 Shields
 + Level 5.5 Unarmed Combat
 + Level 5.5 Spellcasting
 + Level 4.5 Conjurations
 + Level 4.5 Hexes
 + Level 4.5 Summonings
 + Level 4.5 Necromancy
 + Level 4.5 Translocations
 + Level 4.5 Transmutations
 + Level 4.5 Fire Magic
 + Level 4.5 Ice Magic
 + Level 4.5 Air Magic
 + Level 4.5 Earth Magic
 + Level 4.5 Poison Magic
 + Level 6.0 Invocations
 + Level 5.5 Evocations
 + Level 5.0 Shapeshifting


You had 17 spell levels left.
You didn't know any spells.
Your spell library was empty.

Dungeon Overview and Level Annotations

Branches:
Dungeon (1/1)

Altars:
Cheibriados
Dithmenos
Fedhas
Gozag
Kikubaaqudgha
Makhleb
Okawaru
Qazlal
Ru
Sif Muna
Trog
Uskayaw
Vehumet
Wu Jian
Xom
Yredelemnul
Zin
The Shining One
Lugonu

Shops:
D *[=??*?*:[((!!!!


Innate Abilities, Weirdness & Mutations

You have very sharp teeth.
Your uncanny sense of smell can sniff out nearby items.
Your experience applies equally to all skills.


Message History

The tyrant leech draws strength from your injuries!
Unknown command.
Okay, then.
You barely miss the tyrant leech. You closely miss the tyrant leech.
Your bite misses the tyrant leech. You block the tyrant leech's attack.
You thump the tyrant leech! Your bite misses the tyrant leech.
The tyrant leech is moderately wounded.
You thump the tyrant leech! Your bite misses the tyrant leech.
The tyrant leech is heavily wounded.
The tyrant leech closely misses you.
You sock the tyrant leech!
The tyrant leech is severely wounded.
The tyrant leech closely misses you.
You barely miss the tyrant leech. Your bite misses the tyrant leech.
The tyrant leech is severely wounded. 50...
The will-o-the-wisp gestures.
The will-o-the-wisp conjures some marshlight!
A foxfire comes into view.
You barely miss the tyrant leech.
The tyrant leech is severely wounded.
The will-o-the-wisp gestures.
The will-o-the-wisp conjures some marshlight!
The tyrant leech bites you!!
* * * LOW HITPOINT WARNING * * *
The tyrant leech draws strength from your injuries!
A foxfire comes into view.
You bludgeon the tyrant leech!!
The tyrant leech is almost dead.
You completely miss the tyrant leech.
The tyrant leech is almost dead.
The tyrant leech barely misses you.
You hit the tyrant leech. Your bite misses the tyrant leech.
The tyrant leech is almost dead.
You sock the tyrant leech!
You kill the tyrant leech!
The foxfire hits you! You resist.
You die...
Your body crumbles into a pile of gold.

###.........### #⌠)..........⌠#
######.8.........8.######
##∩)__)[....###......__.∩##
###∩........8.# #.8........∩###
##.........)[..###.............#
#⌠..........###...# #.nD.......⌠
#⌠....).....# #.<.# #..........§
#⌠..........###@..###..........⌠
##..........F§v###.....n.......#
###∩.......D8v# #.8........∩###
##∩_._....nv###...F..___∩##
######.8.........8.######
#⌠...........⌠# ###....v....###
#.....§.._# #_......._#


You could see an eight-headed hydra, a will-o-the-wisp, a bog body and a
bullfrog.

Vanquished Creatures
  A will-o-the-wisp (D)
  A tyrant leech (D)
  2 kobold brigands (D)
  Blork the orc (D)
  Ijyb (D)
  4 orcs (D)
  2 hobgoblins (D)
12 creatures vanquished.

Vanquished Creatures (others)
  14 foxfires (D)
14 creatures vanquished.

Grand Total: 26 creatures vanquished

Notes
Turn   | Place    | Note
-------+----------+-------------------------------------------
     0 | D        | rocky1 the Gnoll Fighter began the quest for the Orb.
     0 | D        | Reached XP level 1. HP: 23/23 MP: 1/1
     3 | D        | Found an opulent altar of Gozag.
     3 | D        | Found an ancient bone altar of Kikubaaqudgha.
     4 | D        | Found a basalt altar of Yredelemnul.
     4 | D        | Found a corrupted altar of Lugonu.
     5 | D        | Found a shadowy altar of Dithmenos.
     5 | D        | Round 1.
     6 | D        | Found Zesm's Timeless Talismans.
     6 | D        | Found a shimmering altar of Xom.
     6 | D        | Found Cets's Identification Station.
     7 | D        | Found Nadwau's Jewellery.
     7 | D        | Found Wepee's Advanced Armour.
     8 | D        | Found a shimmering blue altar of Sif Muna.
    12 | D        | Became a worshipper of Gozag Ym Sagoz the Greedy
    25 | D        | Reached skill level 1 in Invocations
    27 | D        | Reached skill level 1 in Short Blades
    27 | D        | Reached skill level 1 in Long Blades
    27 | D        | Reached skill level 1 in Axes
    27 | D        | Reached skill level 1 in Polearms
    27 | D        | Reached skill level 1 in Staves
    27 | D        | Reached skill level 1 in Ranged Weapons
    27 | D        | Reached skill level 1 in Throwing
    27 | D        | Reached skill level 1 in Dodging
    27 | D        | Reached skill level 1 in Stealth
    27 | D        | Reached skill level 1 in Unarmed Combat
    27 | D        | Reached skill level 1 in Spellcasting
    27 | D        | Reached skill level 1 in Evocations
    38 | D        | Reached skill level 1 in Shapeshifting
    38 | D        | Reached XP level 2. HP: 25/29 MP: 3/3
    47 | D        | Found Xyniyj's Magic Scroll Shop.
    47 | D        | Found Baun's Magic Scroll Shop.
    47 | D        | Noticed Blork the orc
    52 | D        | Killed Blork the orc
    52 | D        | Arena points: 12 (+12) [x2]
    53 | D        | Reached skill level 5 in Maces & Flails
    53 | D        | Reached XP level 3. HP: 36/36 MP: 3/6
    53 | D        | Reached XP level 4. HP: 43/43 MP: 3/7
    56 | D        | Found Ohopu's Must-Have Magic.
    57 | D        | Found a blossoming altar of Fedhas.
    57 | D        | Found a snail-covered altar of Cheibriados.
    57 | D        | Found Onnam's Staff Store.
   116 | D        | Bought a warped garnet amulet for 45 gold pieces
   116 | D        | Identified the amulet "Minip" {Faith rCorr} (You bought it
                  | in a shop in the Dungeon)
   116 | D        | Bought a bound granite ring for 45 gold pieces
   116 | D        | Identified the ring of Xom's Attic {rF+ Dex+2} (You bought
                  | it in a shop in the Dungeon)
   116 | D        | Bought a bound brass ring for 45 gold pieces
   116 | D        | Identified the ring "Wosew" {rElec Will+ Dex+4} (You bought
                  | it in a shop in the Dungeon)
   118 | D        | Round 2.
   133 | D        | Found a sacrificial altar of Ru.
   134 | D        | Found an ornate altar of the Wu Jian Council.
   143 | D        | Bought an encrusted helmet for 332 gold pieces
   143 | D        | Identified the +0 helmet of Gosi Ule {rCorr Str+3} (You
                  | bought it in a shop in the Dungeon)
   151 | D        | Noticed Ijyb
   154 | D        | Noticed a kobold brigand
   159 | D        | Killed Ijyb
   160 | D        | Killed a kobold brigand
   161 | D        | Reached XP level 5. HP: 18/48 MP: 7/10
   200 | D        | Noticed a kobold brigand
   212 | D        | Killed a kobold brigand
   213 | D        | Reached XP level 6. HP: 27/56 MP: 10/12
   235 | D        | Found Gujugede's Premium Goods.
   237 | D        | Found Uheiwegu's Miscellaneous Merchandise.
   237 | D        | Found Ubemunac's Basic Armour.
   238 | D        | Found an iron altar of Okawaru.
   238 | D        | Found a glowing silver altar of Zin.
   238 | D        | Found a glowing golden altar of the Shining One.
   238 | D        | Found Uklilig's Weapon Rack.
   249 | D        | Arena points: 24 (+12) [x1]
   264 | D        | Round 3.
   283 | D        | Noticed a will-o-the-wisp
   285 | D        | Found a stormy altar of Qazlal.
   286 | D        | Found a bloodstained altar of Trog.
   287 | D        | Found a radiant altar of Vehumet.
   289 | D        | Found Voweygadoki's Do-It-Yourself Clinic.
   289 | D        | Found a hide-covered altar of Uskayaw.
   289 | D        | Found a burning altar of Makhleb.
   289 | D        | Found Tiehib's Distillery.
   291 | D        | Found Meuryle's Bottled Wisdom.
   291 | D        | Found Doujita's Distillery.
   308 | D        | Killed a will-o-the-wisp
   309 | D        | Reached skill level 5 in Short Blades
   309 | D        | Reached skill level 5 in Long Blades
   309 | D        | Reached skill level 5 in Axes
   309 | D        | Reached skill level 5 in Polearms
   309 | D        | Reached skill level 5 in Staves
   309 | D        | Reached skill level 5 in Ranged Weapons
   309 | D        | Reached skill level 5 in Throwing
   309 | D        | Reached skill level 5 in Dodging
   309 | D        | Reached skill level 5 in Stealth
   309 | D        | Reached skill level 5 in Unarmed Combat
   309 | D        | Reached skill level 5 in Spellcasting
   309 | D        | Reached skill level 5 in Evocations
   309 | D        | Reached skill level 5 in Shapeshifting
   309 | D        | Reached XP level 7. HP: 44/63 MP: 12/15
   323 | D        | Noticed a bog body
   323 | D        | Noticed an eight-headed hydra
   328 | D        | Noticed a will-o-the-wisp
   328 | D        | Noticed a tyrant leech
   347 | D        | Killed a tyrant leech
   347 | D        | Killed from afar by a will-o-the-wisp

Illustrated notes

Levels and vault maps discovered:
D:        arena_sprint

Skill      XL: |  1  2  3  4  5  6 |
---------------+-------------------+-----
Invocations    | 1 2 4 6 |  6.0
Short Blades   | 1 2 3 4 5 |  5.5
Long Blades    | 1 2 3 4 5 |  5.5
Axes           | 1 2 3 4 5 |  5.5
Polearms       | 1 2 3 4 5 |  5.5
Staves         | 1 2 3 4 5 |  5.5
Ranged Weapons | 1 2 3 4 5 |  5.5
Throwing       | 1 2 3 4 5 |  5.5
Dodging        | 1 2 3 4 5 |  5.5
Stealth        | 1 2 3 4 5 |  5.5
Unarmed Combat | 1 2 3 4 5 |  5.5
Spellcasting   | 1 2 3 4 5 |  5.5
Evocations     | 1 2 3 4 5 |  5.5
Shapeshifting  | 1 2 3 5 |  5.0
Fighting       | 7 8 |  8.6
Maces & Flails | 5 6 7 |  7.2
Armour         | 7 8 |  8.6
Shields        | 7 8 |  8.6
Conjurations   | 2 3 4 |  4.5
Hexes          | 2 3 4 |  4.5
Summonings     | 2 3 4 |  4.5
Necromancy     | 2 3 4 |  4.5
Translocations | 2 3 4 |  4.5
Transmutations | 2 3 4 |  4.5
Fire Magic     | 2 3 4 |  4.5
Ice Magic      | 2 3 4 |  4.5
Air Magic      | 2 3 4 |  4.5
Earth Magic    | 2 3 4 |  4.5
Poison Magic   | 2 3 4 |  4.5

Action                     |  1- 3 |  4- 6 |  7- 9 || total
---------------------------+-------+-------+-------++-------
  Melee: Flail             |    15 |    29 |    14 ||    58
         Bite              |     1 |     4 |       ||     5
  Evoke: Wand              |     4 |     3 |     2 ||     9
    Use: Potion            |       |     3 |     4 ||     7
         Scroll            |       |       |     2 ||     2
   Stab: Distracted        |       |     1 |       ||     1
 Armour: Scale mail        |    10 |    26 |     6 ||    42
  Dodge: Dodged            |    10 |     9 |     5 ||    24
  Block: Buckler           |     1 |     7 |     3 ||    11

Table legend: (Time is in decaauts)
 A = Elapsed time spent in this place.
 B = Non-inter-level travel time spent in this place.
 C = Inter-level travel time spent in this place.
 D = Time resting spent in this place.
 E = Time spent auto-exploring this place.
 F = Levels seen in this place.
 G = Mean time per level.
                   A        B        C        D        E       F      G
               +--------+--------+--------+--------+--------+-----+--------+
         Total |    354 |    354 |      0 |     90 |      0 |   1 |  354.0 |
       Dungeon |    354 |    354 |      0 |     90 |      0 |   1 |  354.0 |
               +--------+--------+--------+--------+--------+-----+--------+

Top non-repeatable levels by time:
       D: 354 daAuts
